 Dungeon Crawl Stone Soup version 0.29.1-2-gbd0b4ee654 (webtiles) character file.

Game seed: 6938535073827618826

1871 shoresy the Cleaver (level 8, -1/73 HPs)
             Began as a Minotaur Fighter on Oct 31, 2022.
             Was a Follower of Trog.
             Succumbed to a killer bee's poison
             ... on level 6 of the Dungeon.
             The game lasted 00:48:17 (7436 turns).

shoresy the Cleaver (Minotaur Fighter)              Turns: 7436, Time: 00:48:18

Health: -1/73      AC: 17    Str: 23    XL:     8   Next: 90%
Magic:  5/7        EV:  5    Int:  5    God:    Trog [*.....]
Gold:   405        SH:  9    Dex: 10    Spells: 7/7 levels left

rFire   . . .      SeeInvis .   a - +0 war axe
rCold   . . .      Faith    .   i - +0 kite shield
rNeg    . . .      Spirit   +   D - +0 plate armour
rPois   .          Reflect  .   (helmet restricted)
rElec   .          Harm     .   (no cloak)
rCorr   .          Rampage  .   q - +2 pair of gloves
Will    .....                   E - +0 pair of boots
Stlth   ..........              F - amulet of guardian spirit
HPRegen 0.22/turn               (no ring)
MPRegen 0.10/turn               (no ring)

@: lethally poisoned (-1 -> -26)
A: horns 2, retaliatory headbutt
a: Renounce Religion, Berserk


You were on level 6 of the Dungeon.
You worshipped Trog.
Trog was aware of your devotion.
You visited 1 branch of the dungeon, and saw 7 of its levels.

You collected 405 gold pieces.

Inventory:

Hand Weapons
 a - a +0 war axe (weapon)
 k - a +1 dagger of protection
 v - a +1 dagger of holy wrath
 I - a +1 whip of draining
 N - a +0 short sword of electrocution
 O - a +1 whip of venom
Missiles
 g - 26 poisoned darts (quivered)
 l - 56 stones
Armour
 c - a +0 buckler
 i - a +0 kite shield (worn)
 q - a +2 pair of gloves (worn)
 D - a +0 plate armour (worn)
 E - a +0 pair of boots (worn)
Magical Staves
 M - a staff of conjuration
Jewellery
 j - an amulet of faith
 F - an amulet of guardian spirit (around neck)
 P - an amulet of reflection
Wands
 t - a wand of iceblast (23)
 G - a wand of flame (13)
 L - a wand of acid (13)
Scrolls
 b - a scroll of amnesia {unknown}
 e - a scroll of poison {unknown}
 h - 6 scrolls of identify {unknown}
 m - 2 scrolls of noise {unknown}
 p - a scroll of butterflies {unknown}
 r - 4 scrolls of blinking {unknown}
 x - 6 scrolls of teleportation {unknown}
 y - 4 scrolls of magic mapping {unknown}
 z - a scroll of enchant armour {unknown}
 C - a scroll of silence {unknown}
 H - a scroll of vulnerability {unknown}
 J - a scroll of fear {unknown}
 K - a scroll of torment {unknown}
Potions
 d - 2 potions of might
 f - 2 potions of haste {unknown}
 n - 2 potions of flight {unknown}
 o - 2 potions of heal wounds {unknown}
 s - a potion of ambrosia {unknown}
 u - a potion of degeneration {unknown}
 w - 2 potions of lignification {unknown}
 A - a potion of mutation {unknown}
 B - a potion of resistance {unknown}


   Skills:
 + Level 7.2 Fighting
 * Level 9.1 Axes
 + Level 7.2 Armour
 + Level 7.2 Shields


You had 7 spell levels left.
You didn't know any spells.
Your spell library contained the following spells:

 Spells                   Type           Power      Damage    Failure   Level
 Airstrike                Air            0%         2d(0-16)  100%        4
 Summon Lightning Spire   Summ/Air       0%         N/A       100%        4
 Lightning Bolt           Conj/Air       0%         1d11      100%        5


Dungeon Overview and Level Annotations

Branches:
Dungeon (7/15)
 Temple: D:4-7

Altars:
Elyvilon
Fedhas
Makhleb
Sif Muna
Trog
Vehumet
The Shining One

Shops:
D:2 :


Innate Abilities, Weirdness & Mutations

You have a pair of horns on your head.
You reflexively headbutt those who attack you in melee.


Message History

The killer bee stings you but does no damage.
You closely miss the killer bee. Your headbutt misses the killer bee.
The killer bee is severely wounded.
You hit the killer bee. You barely miss the killer bee.
* * * LOW HITPOINT WARNING * * *
You feel extremely sick.
The killer bee stings you but does no damage. x2
The killer bee closely misses you. You furiously retaliate!
You headbutt the killer bee!
You kill the killer bee!
Trog accepts your kill. The killer bee stings you.
* * * LOW HITPOINT WARNING * * *
You are more poisoned.
The killer bee poisons you!
The killer bee stings you but does no damage.
The killer bee completely misses you.
The killer bee stings you but does no damage.
Your Axes skill increases to level 9!
* * * LOW HITPOINT WARNING * * *
You feel very sick. You block the killer bee's attack.
The killer bee stings you but does no damage. x2
You see here a +0 short sword.
You hit the killer bee.
The killer bee is severely wounded.
You closely miss the killer bee.
* * * LOW HITPOINT WARNING * * *
You feel very sick.
The killer bee stings you but does no damage.
The killer bee barely misses you. The killer bee stings you.
* * * LOW HITPOINT WARNING * * *
You are more poisoned.
The killer bee poisons you! The killer bee barely misses you.
You furiously retaliate!
You headbutt the killer bee!
You kill the killer bee!
Trog accepts your kill.
You hit the killer bee.
The killer bee is almost dead.
You die...

. .. ## ... .. ## .... #.
## ##. .....#. .##
######.. .......##..#
###.[..... #@)#
###.........
#>y####..........#
.......##....รท.........#
###..#. #.#.............
## ...................
####################


You could see a killer bee.

Vanquished Creatures
  Prince Ribbit (D:5)
  Sigmund (D:5)
  3 black bears
  A centaur (D:6)
  An ogre (D:5)
  A phantom (D:6)
  2 kobold brigands (D:6)
  A bullfrog (D:6)
  A necrophage (D:4)
  4 scorpions
  2 killer bees (D:6)
  3 hounds
  2 iguanas
  An orc wizard (D:5)
  8 adders
  A gnoll (D:7)
  An ufetubus (D:5)
  A worm (D:4)
  3 dart slugs
  6 orcs
  9 endoplasms
  12 giant cockroaches
  12 goblins
  11 hobgoblins
  2 jackals (D:4)
  17 kobolds
  2 quokkas
  10 ball pythons
  10 bats
  4 frilled lizards
  7 rats
140 creatures vanquished.

Vanquished Creatures (others)
  An adder (D:2)
1 creature vanquished.

Grand Total: 141 creatures vanquished

Notes
Turn   | Place    | Note
-------+----------+-------------------------------------------
     0 | D:1      | shoresy the Minotaur Fighter began the quest for the Orb.
     0 | D:1      | Reached XP level 1. HP: 19/19 MP: 0/0
   304 | D:1      | Found a faded altar of an unknown god.
   363 | D:1      | Reached XP level 2. HP: 27/27 MP: 1/1
   975 | D:1      | Reached skill level 3 in Axes
  1158 | D:1      | Reached XP level 3. HP: 33/33 MP: 2/2
  2285 | D:2      | Reached XP level 4. HP: 39/40 MP: 3/3
  2328 | D:2      | Found Asmosips's Book Shoppe.
  2516 | D:3      | Found a glowing golden altar of the Shining One.
  2740 | D:3      | Reached skill level 4 in Axes
  3257 | D:3      | Found a white marble altar of Elyvilon.
  3327 | D:3      | You fall into a shaft and drop 1 floor!
  4092 | D:4      | Found a shimmering blue altar of Sif Muna.
  4094 | D:4      | Reached XP level 5. HP: 47/47 MP: 4/4
  4359 | D:5      | Entered Level 5 of the Dungeon
  4464 | D:4      | Reached skill level 5 in Axes
  4464 | D:4      | Reached XP level 6. HP: 27/55 MP: 5/5
  4866 | D:4      | Found a bloodstained altar of Trog.
  4879 | D:4      | Became a worshipper of Trog the Wrathful
  5003 | D:5      | Reached skill level 5 in Fighting
  5003 | D:5      | Reached skill level 5 in Armour
  5003 | D:5      | Reached skill level 5 in Shields
  5208 | D:5      | Noticed Prince Ribbit
  5232 | D:5      | Reached skill level 6 in Axes
  5232 | D:5      | Reached XP level 7. HP: 45/61 MP: 3/6
  5242 | D:5      | Killed Prince Ribbit
  5510 | D:5      | Reached skill level 7 in Axes
  5726 | D:5      | Found a radiant altar of Vehumet.
  5882 | D:5      | Noticed Sigmund
  6051 | D:5      | Killed Sigmund
  6052 | D:5      | Reached XP level 8. HP: 57/70 MP: 7/7
  6744 | D:6      | Found a blossoming altar of Fedhas.
  6832 | D:6      | Reached skill level 8 in Axes
  7089 | D:6      | Found a burning altar of Makhleb.
  7254 | D:6      | Reached * piety under Trog
  7434 | D:6      | Reached skill level 9 in Axes
  7436 | D:6      | Succumbed to a killer bee's poison

Illustrated notes

Levels and vault maps discovered:
D:1:      minmay_arrival_glassed_features, layout_loops_ring,
          hellmonk_ecumenical_altar_zigzags
D:2:      layout_loops_ring, serial_shops, nicolae_shop_behind_doors,
          lemuel_flame_loot_1
D:3:      minmay_roachtagon, layout_basic, mainiacjoe_overflow_catwalk,
          elyvilon_altar_3, minmay_starry_boxes
D:4:      layout_gridville, mainiacjoe_overflow_concentric_impassable,
          overflow_temple_1_default
D:5:      layout_layer_cave, mainiacjoe_overflow_boulevard, uniq_sigmund,
          uniq_prince_ribbit1
D:6:      layout_layer_cave, general_overflow_altar,
          nemelex_diamond_rough_becter, amcnicky_altar_gilded,
          ashenzari_altar_1, minmay_temple_entry_slanted, st_stairs_7
D:7:      layout_rooms, okawaru_trees_2

Skill      XL: |  1  2  3  4  5  6  7  8 |
---------------+-------------------------+-----
Fighting       | 4 5 6 7 |  7.2
Shields        | 4 5 6 7 |  7.2
Armour         | 4 5 6 7 |  7.2
Axes           | 3 4 5 6 7 9 |  9.1

Action                   |  1- 3 |  4- 6 |  7- 9 || total
-------------------------+-------+-------+-------++-------
Melee: War axe           |    90 |   120 |   107 ||   317
       Headbutt          |    17 |    20 |    17 ||    54
Armor: Scale mail        |    71 |    41 |       ||   112
       Plate armour      |       |    25 |   133 ||   158
Dodge: Dodged            |    55 |    69 |    58 ||   182
Block: Buckler           |    25 |    33 |    31 ||    89
       Kite shield       |       |       |    21 ||    21
